 Bloatcrawl 2 version 0.50.1-497-g763ebf1 (webtiles) character file.

Game seed: 10832940635260973521, levelgen mode: deterministic

9340 Dorkslayer the Cleaver (level 11, 0/62 HPs)
             Began as a Crystal Dwarf Fighter on Dec 1, 2020.
             Was a Believer of the Shining One.
             Slain by a guardian serpent (15 damage)
             ... on level 9 of the Dungeon.
             The game lasted 00:23:54 (7473 turns).

Dorkslayer the Cleaver (Crystal Dwarf Fighter)      Turns: 7473, Time: 00:23:54

Health: 0/62       AC: 14    Str: 28    XL:     11   Next: 21%
Magic:  15/15      EV:  8    Int: 10    God:    the Shining One [**....]
Gold:   425        SH: 23    Dex: 11    Spells: 10/10 levels left Game modifiers: x1.5 XP

rFire   + . .      SeeInvis .    a - +1 war axe
rCold   . . .      Gourm    .    c - +1 kite shield
rNeg    + . .      Faith    +    y - +1 chain mail of the Bard {Str+7 Slay+2} (curse)
rPois   .          Spirit   .    d - +0 helmet
rElec   .          Reflect  +    i - +0 cloak
rCorr   .          Harm     .    (no gloves)
MR      ++...                    z - +0 pair of boots
Stlth   ..........               F - amulet of faith
HPRegen 0.20/turn                r - ring of protection from magic
MPRegen 0.14/turn                v - ring of protection from fire (curse)

@: glowing
A: crystal skin
a: Divine Shield, Renounce Religion


You were on level 9 of the Dungeon.
You worshipped the Shining One.
The Shining One was pleased with you.
You were not hungry.

You visited 2 branches of the dungeon, and saw 10 of its levels.

You collected 425 gold pieces.

Inventory:

Hand Weapons
 a - a +1 war axe (weapon)
 D - a +0 falchion of flaming
Missiles
 u - 10 javelins (quivered)
 w - 2 boomerangs
 C - 2 throwing nets
 E - 3 silver javelins
Armour
 c - a +1 kite shield (worn)
 d - a +0 helmet (worn)
 i - a +0 cloak (worn)
 y - the cursed +1 chain mail of the Bard (worn) {Str+7 Slay+2}
   (You found it on level 5 of the Dungeon)

   It affects your strength (+7).
   It affects your accuracy and damage with ranged weapons and melee attacks
   (+2).
   It has a curse placed upon it.
 z - a +0 pair of boots (worn)
 B - the +1 plate armour of Zine Ido {Stlth+}
   (You found it on level 6 of the Dungeon)

   It makes you more stealthy.
Jewellery
 g - a +2 amulet of reflection
 r - a ring of protection from magic (left hand)
 v - a cursed ring of protection from fire (right hand)
 F - an amulet of faith (around neck)
Wands
 t - a wand of polymorph (8)
 A - a wand of random effects (9)
 H - a wand of digging (6)
Scrolls
 j - 7 scrolls of immolation
 p - 4 scrolls of remove curse
 q - a scroll of blinking
 s - 2 scrolls of teleportation
 G - a scroll of amnesia
Potions
 b - a potion of cancellation {unknown}
 e - 2 potions of curing
 h - 2 potions of flight {unknown}
 k - 5 potions of stabbing
 l - 2 potions of brilliance
 n - a potion of mutation {unknown}
 o - 2 potions of ambrosia {unknown}
 x - a potion of berserk rage {unknown}
Comestibles
 f - 19 rations
 I - a chunk of flesh


   Skills:
 + Level 4.9 Fighting
 + Level 0.3 Long Blades
 + Level 9.1 Axes
 * Level 5.4 Throwing
 + Level 5.3 Armour
 * Level 3.2 Dodging
 + Level 0.9 Stealth
 + Level 8.2 Shields
 * Level 3.5 Invocations
 * Level 5.9 Evocations


You had 10 spell levels left.
You didn't know any spells.
Your spell library contained the following spells:

 Spells                   Type           Power        Failure   Level  Hunger
 Animate Skeleton         Necr           N/A          99%         1    ##.....
 Corona                   Hex            #......      99%         1    ##.....
 Pain                     Necr           #...         99%         1    ##.....
 Shock                    Conj/Air       #...         99%         1    ##.....
 Ensorcelled Hibernation  Hex/Ice        #.....       100%        2    ###....
 Swiftness                Chrm/Air       #.......     100%        2    ###....
 Confusing Touch          Hex            #.......     100%        3    ####...
 Dazzling Flash           Conj/Hex       #.....       100%        3    ####...
 Static Discharge         Conj/Air       #.......     100%        3    ####...
 Tukima's Dance           Hex            #.......     100%        3    ####...
 Vampiric Draining        Necr           #.........   100%        3    ####...
 Airstrike                Air            #.........   100%        4    #####..
 Animate Dead             Necr           N/A          100%        4    #####..
 Agony                    Necr           #.......     100%        5    ######.
 Lightning Bolt           Conj/Air       #.........   100%        5    ######.


Dungeon Overview and Level Annotations

Branches:
Dungeon (9/15)             Temple (1/1) D:5
   Lair: D:8-11         Orc: D:9-12

Altars:
Ashenzari
Cheibriados
Dithmenos
Elyvilon
Fedhas
Gozag
Hepliaklqana
Kikubaaqudgha
Makhleb
Nemelex Xobeh
Okawaru
Qazlal
Ru
Sif Muna
Trog
Uskayaw
Vehumet
Wu Jian
Xom
Yredelemnul
Zin
The Shining One


Message History

You are more poisoned.
The guardian serpent hits you but does no damage.
Some of the chunks of flesh in your inventory have rotted away.
You slash the guardian serpent!
The guardian serpent is moderately wounded.
You feel very sick.
You block the guardian serpent's attack.
The guardian serpent casts a spell at you.
The bolt of poison hits you!!
You are lethally poisoned!
* * * LOW HITPOINT WARNING * * *
You feel better.
The guardian serpent coils itself and waves its upper body at you.
The bolt of poison hits you!
You are poisoned.
* * * LOW HITPOINT WARNING * * *
You feel better.
You block the guardian serpent's attack.
The guardian serpent hits you!
You die...

##...##.#
#......(#
#.......#+## #
#...........
+>##/......#.#
#............#
#.......#
#...@S..#
#...)...#
#.......#
#.......#
#####.###
#...# ###.###
#...#
######.###


You could see a guardian serpent.

Vanquished Creatures
  A hydra (D:8)
  A troll (D:8)
  2 dream sheep (D:8)
  5 yaks
  A wyvern (D:5)
  Sigmund (D:2)
  A hungry ghost (D:7)
  Edmund (D:5)
  A water moccasin (D:8)
  Duvessa (D:4)
  An ice beast (D:7)
  4 sky beasts
  2 centaurs
  5 ogres
  3 big kobolds (D:8)
  4 bullfrogs
  Dowan (D:4)
  5 scorpions
  8 killer bees (D:7)
  4 wights (D:8)
  A howler monkey (D:7)
  6 crimson imps
  A quasit (D:6)
  A bullfrog skeleton (D:5)
  A centaur skeleton (D:5)
  2 hounds
  A jelly (D:8)
  Jessica (D:3)
  An orc wizard (D:6)
  Natasha (thrice) (D:2)
  2 iguanas
  8 worker ants
  A hound skeleton (D:3)
  A howler monkey skeleton (D:3)
  2 worker ant zombies (D:7)
  9 gnolls
  9 adders
  2 shadow imps
  An ooze (D:5)
  An adder skeleton (D:5)
  3 adder zombies (D:7)
  6 worms
  4 dart slugs
  6 leopard geckos
  11 orcs
  A ball python (D:5)
  2 giant cockroaches
  4 goblins (D:3)
  8 hobgoblins
  5 jackals
  10 kobolds
  5 quokkas
  5 bats
  6 frilled lizards
  A jackal skeleton (D:4)
  2 leopard gecko skeletons
  2 rats
  3 fungi (D:8)
190 creatures vanquished.

Vanquished Creatures (others)
  A centaur (D:5)
  An orc (D:3)
  4 toadstools (D:1)
6 creatures vanquished.

Grand Total: 196 creatures vanquished

Notes
Turn   | Place    | Note
-------+----------+-------------------------------------------
     0 | D:1      | Dorkslayer the Crystal Dwarf Fighter began the quest for
                  | the Orb.
     0 | D:1      | Reached XP level 1. HP: 14/14 MP: 1/1
   271 | D:1      | Reached XP level 2. HP: 19/19 MP: 2/2
   978 | D:2      | Noticed Natasha
   982 | D:2      | Noticed a crimson imp
   986 | D:2      | Reached XP level 3. HP: 22/23 MP: 3/3
  1021 | D:2      | Killed Natasha
  1021 | D:2      | Reached skill level 3 in Axes
  1021 | D:2      | Reached XP level 4. HP: 8/28 MP: 4/4
  1620 | D:2      | Found a faded altar of an unknown god.
  1639 | D:2      | Noticed Natasha
  1652 | D:2      | Killed Natasha
  1652 | D:2      | Reached XP level 5. HP: 25/32 MP: 5/5
  1667 | D:2      | Noticed Natasha
  1670 | D:2      | Noticed Sigmund
  1696 | D:2      | Killed Natasha
  1704 | D:2      | Killed Sigmund
  1704 | D:2      | Reached skill level 5 in Shields
  1704 | D:2      | Reached XP level 6. HP: 5/37 MP: 6/6
  2148 | D:2      | Reached skill level 4 in Axes
  2616 | D:3      | Noticed Jessica
  2632 | D:3      | Killed Jessica
  2632 | D:3      | Reached XP level 7. HP: 26/41 MP: 7/7
  3455 | D:4      | Reached skill level 1 in Evocations
  3668 | D:4      | Noticed Duvessa
  3668 | D:4      | Noticed Dowan
  3681 | D:4      | Killed Dowan
  3681 | D:4      | Reached skill level 1 in Throwing
  3696 | D:4      | Killed Duvessa
  3696 | D:4      | Reached skill level 5 in Axes
  3783 | D:4      | Noticed Grinder
  3786 | D:4      | Noticed Grinder
  3786 | D:4      | Grinder changed into Grinder the crimson imp
  3818 | D:4      | Killed Grinder the crimson imp
  3818 | D:4      | Reached XP level 8. HP: 46/47 MP: 9/9
  3889 | D:5      | Entered Level 5 of the Dungeon
  4078 | D:5      | Got a crude chain mail
  4089 | D:5      | Identified the cursed +1 chain mail of the Bard {Str+7
                  | Slay+2} (You found it on level 5 of the Dungeon)
  4380 | D:5      | Found a staircase to the Ecumenical Temple.
  4395 | Temple   | Entered the Ecumenical Temple
  4472 | D:5      | Noticed Edmund
  4479 | D:5      | Killed Edmund
  4482 | D:5      | Reached skill level 6 in Axes
  4515 | D:5      | Found a glowing golden altar of the Shining One.
  4527 | D:5      | Became a worshipper of the Shining One
  4548 | D:5      | Found a glowing silver altar of Zin.
  4577 | D:5      | Reached XP level 9. HP: 17/52 MP: 11/11
  4810 | D:5      | Reached skill level 1 in Dodging
  5162 | D:6      | Found an opulent altar of Gozag.
  5381 | D:6      | Found an iron altar of Okawaru.
  5382 | D:6      | Found a burning altar of Makhleb.
  5482 | D:6      | Got a scorched plate armour
  5743 | D:6      | Reached skill level 7 in Axes
  6028 | D:7      | Reached * piety under the Shining One
  6028 | D:7      | Reached skill level 1 in Invocations
  6084 | D:7      | Reached XP level 10. HP: 58/58 MP: 13/13
  6298 | D:7      | Reached skill level 8 in Axes
  6463 | D:8      | Identified the +1 plate armour of Zine Ido {Stlth+} (You
                  | found it on level 6 of the Dungeon)
  6488 | D:8      | Reached skill level 5 in Evocations
  6589 | D:8      | Reached ** piety under the Shining One
  6931 | D:8      | Found a blossoming altar of Fedhas.
  7086 | D:8      | Reached skill level 5 in Armour
  7087 | D:8      | Reached skill level 5 in Throwing
  7133 | D:8      | Noticed a three-headed hydra
  7141 | D:8      | Killed a one-headed hydra
  7141 | D:8      | Reached XP level 11. HP: 39/62 MP: 15/15
  7397 | D:9      | Noticed a +0 dagger
  7398 | D:9      | Noticed a +0 dagger
  7401 | D:9      | Found a hide-covered altar of Uskayaw.
  7416 | D:9      | Reached skill level 9 in Axes
  7473 | D:9      | Slain by a guardian serpent

Levels and vault maps discovered:
D:1:      ldierk_walled_garden_2, layout_basic, serial_bayou_ford_a
D:2:      layout_basic, chequers_ecumenical_altar_island, chequers_jeans,
          kennysheep_big_empty_room, uniq_natasha, uniq_sigmund
D:3:      layout_loops_ring, uniq_jessica
D:4:      layout_basic, first_ration, uniq_grinder, uniq_duvessa
D:5:      layout_cave_pools, zin_statuary, nicolae_tso_swordbearing_angel,
          minmay_temple_entry_glass, uniq_edmund
D:6:      layout_loops_corners, old_standard_altar,
          gammafunk_temple_overflow_statue, kennysheep_generic_room_10
D:7:      layout_basic
D:8:      layout_loops_ring, hangedman_ranch [blue_anna_fruit_fields],
          fedhas_altar_3
D:9:      layout_roguey, dancing_weapons_uskayaw, david_lair_shrubbed,
          nrook_guardian_serpent_ordinary
Temple:   nicolae_temple_x_marks_the_god

Skill      XL: |  1  2  3  4  5  6  7  8  9 10 11 |
---------------+----------------------------------+-----
Axes           | 3 4 5 6 7 8 9 |  9.1
Shields        | 4 5 6 7 8 |  8.2
Armour         | 4 5 |  5.3
Evocations     | 1 3 4 5 |  5.9
Throwing       | 1 3 5 |  5.4
Fighting       | 4 |  4.9
Dodging        | 1 2 3 |  3.2
Invocations    | 1 3 |  3.5
Long Blades    | |  0.3
Stealth        | |  0.9

Action                   |  1- 3 |  4- 6 |  7- 9 | 10-12 || total
-------------------------+-------+-------+-------+-------++-------
Melee: War axe           |    85 |   159 |   404 |   136 ||   784
       Falchion          |       |       |       |     8 ||     8
Throw: Javelin           |       |       |    17 |    21 ||    38
       Boomerang         |       |       |     1 |       ||     1
Evoke: Wand              |       |       |     3 |       ||     3
  Use: Scroll            |       |     2 |    14 |     2 ||    18
       Potion            |       |     2 |     1 |     2 ||     5
  Eat: Chunk             |       |     6 |     5 |     6 ||    17
       Ration            |       |       |     2 |       ||     2
Armor: Scale mail        |    15 |       |       |       ||    15
       Plate armour      |    10 |    53 |    79 |       ||   142
       Chain mail        |       |       |    53 |    21 ||    74
Dodge: Dodged            |    14 |    13 |    41 |    15 ||    83
Block: Kite shield       |    68 |   164 |   448 |   130 ||   810
       Reflection        |     3 |     4 |     8 |     4 ||    19
